 Dungeon Crawl Stone Soup version 0.18.1-50-g88ac8fd (webtiles) character file.

4261 Korbac the Nimble (level 10, 0/56 HPs)
             Began as a Kobold Fighter on Oct 17, 2016.
             Was an Initiate of Gozag.
             Killed by the air
             ... invoked by Gastronok
              (12 damage)
             ... on level 8 of the Dungeon.
             The game lasted 00:49:25 (11549 turns).

Korbac the Nimble (Kobold Fighter)                 Turns: 11549, Time: 00:49:25

Health: 0/56       AC: 10    Str: 17    XL:     10   Next: 56%
Magic:  19/19      EV: 17    Int:  6    God:    Gozag
Gold:   1493       SH: 11    Dex: 19    Spells: 0 memorised, 9 levels left

rFire  + . .     SeeInvis .     a - +0 rapier
rCold  . . .     Gourm    .     b - +0 scale mail
rNeg   . . .     Faith    .     c - +0 shield
rPois  .         Spirit   .     (no helmet)
rElec  .         Dismiss  .     (no cloak)
rCorr  .         Reflect  .     j - +0 pair of gloves
SustAt .         Harm     .     f - +1 pair of boots of Tavicysh {rF+ MP+9 Dex+2 Stlth-}
MR     +....                    (no amulet)
Stlth  ..........               (no ring)
                                i - ring of protection from magic

@: gold aura, slowed, very slow, somewhat resistant to hostile enchantments,
extremely unstealthy
A: carnivore 3, frail 1, low mp 1, mutation resistance 1
a: Potion Petition, Call Merchant, Bribe Branch, Renounce Religion


You were on level 8 of the Dungeon.
You worshipped Gozag.
Gozag was noncommittal.
You were not hungry.

You visited 1 branch of the dungeon, and saw 8 of its levels.
You also visited: Sewer.

You collected 1748 gold pieces.
You spent 237 gold pieces at shops.
You paid 18 gold pieces to Gozag.

Inventory:

Hand Weapons
 a - a +0 rapier (weapon)
 y - a +1 flail of draining
Armour
 b - a +0 scale mail (worn)
 c - a +0 shield (worn)
 f - the +1 pair of boots of Tavicysh (worn) {rF+ MP+9 Dex+2 Stlth-}
   (You bought it in a shop on level 4 of the Dungeon)

   It affects your dexterity (+2).
   It protects you from fire.
   It affects your magic capacity (+9).
   It makes you less stealthy.
 g - a cursed -2 robe
 j - a +0 pair of gloves (worn)
 v - a +2 large shield
Jewellery
 i - a ring of protection from magic (left hand)
 E - an uncursed ring of fire {unknown}
Wands
 o - a wand of lightning (0/15)
 s - a wand of lightning (2/15)
 w - a wand of disintegration (2/24)
Scrolls
 d - 2 scrolls of recharging {unknown}
 n - a scroll of noise
 p - a scroll of amnesia
 q - 6 scrolls of remove curse
 u - a scroll of blinking {unknown}
 x - 2 scrolls of fog
Potions
 h - a potion of brilliance
 k - a potion of magic
 l - a potion of cancellation
 r - 3 potions of agility
 A - 6 potions of might
 B - a potion of heal wounds
Books
 e - a book of Changes

   Spells                             Type                      Level
   a - Beastly Appendage              Transmutation                1
   b - Sticks to Snakes               Transmutation                2
   c - Spider Form                    Transmutation/Poison         3
   d - Ice Form                       Ice/Transmutation            4
   e - Blade Hands                    Transmutation                5
 D - a book of Misfortune

   Spells                             Type                      Level
   a - Confusing Touch                Hexes                        2
   b - Confuse                        Hexes                        3
   c - Gell's Gravitas                Hexes/Translocation          3
   d - Petrify                        Transmutation/Earth          4
   e - Metabolic Englaciation         Hexes/Ice                    5
   f - Yara's Violent Unravelling     Hexes/Transmutation          5
Comestibles
 m - 3 bread rations


   Skills:
 * Level 7.6 Fighting
 * Level 9.3 Short Blades
 + Level 4.7 Armour
 * Level 9.5 Dodging
 - Level 0.4 Stealth
 + Level 5.6 Shields
 + Level 2.1 Evocations


You had 9 spell levels left.
You didn't know any spells.

Dungeon Overview and Level Annotations

Branches:
Dungeon (8/15)             Temple (0/1) D:4
   Lair: D:8-11

Altars:
Fedhas
Gozag
Nemelex Xobeh
Pakellas
Qazlal
Ru
Trog
Xom

Shops:
D:4 [

Annotations:
D:8 Gastronok


Innate Abilities, Weirdness & Mutations

You are small and have problems with some larger weapons.
You are carnivorous and can eat meat at any time.
You are frail (-10% HP).
Your magical capacity is low (-10% MP).
You are somewhat resistant to further mutation.


Message History

You feel sluggish.
You hit Gastronok.
Gastronok is lightly wounded.
You hit Gastronok.
Gastronok is lightly wounded.
Gastronok's eyestalks stretch out, then return to normal size.
You hit Gastronok but do no damage.
Gastronok is lightly wounded.
You hit Gastronok.
Gastronok is lightly wounded.
Gastronok waves his eye-stalks in wide circles.
The air twists around and strikes you!
Ouch! That really hurt!
* * * LOW HITPOINT WARNING * * *
You hit Gastronok.
Gastronok is lightly wounded.
Gastronok waves his eye-stalks in wide circles.
The air twists around and strikes you!
You die...
Your body crumbles into a pile of gold.

# #...<# #.#####)####
#.....(..... $ ####
#.##.####### # ..#
##.......# #.####$#
#....###.# ...#.### ###
#.##.#
##.####.#...###.###.# .#
.......$..w@.$.....># ##
....###.....###.###.......
. .).....### #.# #.##.###
...####... ..# #.# # $ ...
.......## #.. .. ##.####.
#.# . ..# #. #.# ### ## .#


You could see Gastronok.

Vanquished Creatures
  Joseph (D:8)
  Menkaure (D:6)
  A steam dragon (D:7)
  Duvessa (D:6)
  2 sky beasts (D:7)
  4 phantoms
  3 orc warriors
  2 ice beasts
  A necrophage (D:7)
  A black bear (D:7)
  4 ogres
  2 centaurs
  2 big kobolds (Sewer)
  A giant frog (D:6)
  Dowan (D:6)
  5 killer bees (D:7)
  5 wights (D:5)
  4 crimson imps
  A giant frog zombie (D:7)
  4 hounds
  A giant frog skeleton (D:7)
  6 orc priests
  A jelly (D:6)
  7 orc wizards
  7 worker ants
  8 adders
  6 gnolls
  4 river rats (Sewer)
  2 shadow imps
  4 oozes
  An adder zombie (D:6)
  An adder skeleton (D:4)
  A worm (D:2)
  2 dart slugs
  6 giant geckos
  18 orcs
  4 giant cockroaches
  4 goblins
  8 hobgoblins
  11 jackals
  A quokka (D:7)
  6 ball pythons (Sewer)
  9 bats
  3 giant gecko skeletons
  5 giant newts
  A jackal skeleton (D:5)
  16 kobolds
  2 quokka skeletons
  34 rats
  A fungus (D:2)
226 creatures vanquished.

Notes
Turn   | Place    | Note
--------------------------------------------------------------
     0 | D:1      | Korbac the Kobold Fighter began the quest for the Orb.
     0 | D:1      | Reached XP level 1. HP: 14/14 MP: 1/1
   173 | D:1      | Reached XP level 2. HP: 17/19 MP: 2/2
   373 | D:2      | Reached XP level 3. HP: 15/24 MP: 3/3
   451 | D:2      | Found an opulent altar of Gozag.
   464 | D:2      | Reached skill level 1 in Dodging
   468 | D:2      | Became a worshipper of Gozag Ym Sagoz the Greedy
   506 | D:2      | Noticed a moth of wrath
   509 | D:2      | Found a bloodstained altar of Trog.
   650 | D:2      | Reached XP level 4. HP: 24/29 MP: 4/4
   680 | D:2      | Found a sparkling altar of Nemelex Xobeh.
   855 | D:2      | Found a blossoming altar of Fedhas.
  1608 | D:3      | Reached XP level 5. HP: 12/33 MP: 5/5
  3034 | D:3      | Reached XP level 6. HP: 28/39 MP: 6/6
  3116 | D:4      | Noticed a phantom
  3373 | D:4      | Found Niwon's Antique Armour Shoppe.
  3637 | D:4      | Bought a pair of jewelled boots for 237 gold pieces
  3642 | D:4      | Identified the +1 pair of boots of Tavicysh {rF+ MP+9 Dex+2 Stlth-} (You bought it in a shop on level 4 of the Dungeon)
  3735 | D:4      | Killed a phantom
  3735 | D:4      | Reached XP level 7. HP: 39/44 MP: 7/7
  3821 | D:4      | Found a staircase to the Ecumenical Temple.
  4446 | D:4      | Found an oddly glowing altar of Pakellas.
  4498 | D:4      | Reached skill level 5 in Short Blades
  4706 | D:5      | Entered Level 5 of the Dungeon
  5034 | D:4      | Reached skill level 5 in Fighting
  5180 | D:4      | Reached skill level 5 in Dodging
  5180 | D:4      | Reached XP level 8. HP: 25/49 MP: 8/8
  5684 | D:5      | Found a sparkling altar of Nemelex Xobeh.
  5834 | D:6      | Gained mutation: Your magical capacity is low (-10% MP). [potion of mutation]
  5834 | D:6      | Gained mutation: You are somewhat resistant to further mutation. [potion of mutation]
  5834 | D:6      | Gained mutation: You are frail (-10% HP). [potion of mutation]
  6246 | D:6      | Found a shimmering altar of Xom.
  6278 | D:6      | Found a sacrificial altar of Ru.
  6420 | D:6      | Found a glowing drain.
  6430 | Sewer    | Entered a sewer
  6461 | Sewer    | Reached skill level 1 in Evocations
  6719 | Sewer    | Reached XP level 9. HP: 49/49 MP: 8/8
  7636 | D:6      | Found a stormy altar of Qazlal.
  7639 | D:6      | Noticed Menkaure
  8330 | D:6      | HP: 2/49 [Menkaure (17)]
  8338 | D:6      | Killed Menkaure
  8338 | D:6      | Reached skill level 5 in Shields
  8658 | D:6      | Noticed Duvessa
  8659 | D:6      | Noticed Dowan
  9566 | D:7      | Reached XP level 10. HP: 19/54 MP: 9/9
  9784 | D:6      | Killed Duvessa
  9843 | D:6      | Killed Dowan
 11306 | D:8      | Noticed Joseph
 11336 | D:8      | Killed Joseph
 11524 | D:8      | Noticed Gastronok
 11549 | D:8      | Killed from afar by Gastronok

Skill      XL: |  1  2  3  4  5  6  7  8  9 10 |
---------------+-------------------------------+-----
Short Blades   | 3 4 5 6 8 9 |  9.3
Dodging        | 1 2 3 5 6 8 9 |  9.5
Fighting       | 4 5 6 7 |  7.6
Armour         | 3 4 |  4.7
Shields        | 3 4 5 |  5.6
Evocations     | 1 2 |  2.1
Stealth        | |  0.4

Action                   |  1- 3 |  4- 6 |  7- 9 | 10-12 || total
-------------------------+-------+-------+-------+-------++-------
Melee: Rapier            |   102 |   304 |   871 |   330 ||  1607
Evoke: Wand              |       |     2 |     7 |     8 ||    17
  Use: Potion            |       |     2 |    14 |     6 ||    22
       Scroll            |       |     1 |     5 |     1 ||     7
 Stab: Distracted        |       |       |     3 |       ||     3
  Eat: Meat ration       |       |     2 |     2 |     1 ||     5
       Beef jerky        |       |     1 |     1 |       ||     2
       Royal jelly       |       |       |     1 |       ||     1
Armor: Scale mail        |    29 |    93 |   222 |    45 ||   389
Dodge: Dodged            |    37 |   105 |   437 |   108 ||   687
Block: Shield            |    46 |   126 |   479 |   116 ||   767
